cohdb
Replays
Latest Replays
All Replays
Popular Replays
Top Player Replays
Match Explorer
How It Works
Community
CoH3 Stats
Reddit
Sign in to upload your games and track your stats! →
Sign in with Steam
Match 42130594
Unlisted
Match 42130594
Overview
Messages
Build Orders
End
Construct Section Command Post
Dingo Light Scout Car
Selects Canadian Shock Battlegroup
Infantry Section
Infantry Section
Grenade Package
Selects Incendiary Munitions
Construct Platoon Command Post
CMP 15cwt Truck
Light Vehicle Training
Selects Attacking Spirit
Selects Canadian Shock Section
Canadian Shock Section
Selects Pyrotechnics
6-pounder Anti-tank Gun Team
Infantry Training
Construct Company Command Post
Foot Guards Section
Foot Guards Section
Unlock Bishop Self-propelled Artillery
Selects Smoke Operation
Matilda II Heavy Tank
Forward Retreat Point
Armored Vehicle Training
Smoke Operation
Bishop Self-propelled Artillery
Bishop Self-propelled Artillery
Smoke Operation
Foot Guards Section
Selects Churchill Crocodile Heavy Tank
Churchill Crocodile Heavy Tank
Foot Guards Section
Royal Engineer Section
不吃芹菜
kim
Joker
jhc0928d
Valdai
sss
沐雨轻然
Sailor
0
0
Comments
sign in to comment!
No comments posted yet!